 Dungeon Crawl Stone Soup version 0.29-a0-330-g52719c12eb (webtiles) character file.

Game seed: 9001350423099490720

1238 Ajdolov the Frost Mage (level 8, -8/52 HPs)
             Began as a Barachi Ice Elementalist on Apr 23, 2022.
             Was an Initiate of Cheibriados.
             Mangled by a wyvern zombie (10 damage)
             ... on level 6 of the Dungeon.
             The game lasted 00:10:34 (7487 turns).

Ajdolov the Frost Mage (Barachi Ice Elementalist)   Turns: 7487, Time: 00:10:34

Health: -8/52      AC: 11    Str: 12    XL:     8   Next: 49%
Magic:  3/11       EV: 12    Int: 18    God:    Cheibriados [......]
Gold:   372        SH:  0    Dex: 13    Spells: 4/11 levels left

rFire   . . .      SeeInvis .   d - +0 quarterstaff
rCold   . . .      Faith    .   (shield currently unavailable)
rNeg    . . .      Spirit   .   a - +0 robe
rPois   .          Reflect  .   (no helmet)
rElec   .          Harm     .   (no cloak)
rCorr   .          Rampage  .   (no gloves)
Will    .....                   i - +0 pair of boots
Stlth   ++........              (no amulet)
HPRegen 0.17/turn               (no ring)
MPRegen 0.12/turn               (no ring)

@: ice-armoured, unable to hop, freezing walls, invisible, very slow
A: amphibious, slowness 1, strong legs 1, +LOS
a: Hop, Renounce Religion


You were on level 6 of the Dungeon.
You worshipped Cheibriados.
Cheibriados was noncommittal.
You visited 2 branches of the dungeon, and saw 7 of its levels.

You collected 372 gold pieces.

Inventory:

Hand Weapons
 d - a +0 quarterstaff (weapon)
Armour
 a - a +0 robe (worn)
 i - a +0 pair of boots (worn)
 v - a +0 leather armour of cold resistance
Jewellery
 s - a +6 ring of strength
Wands
 u - a wand of flame (21)
Scrolls
 c - 2 scrolls of fear {unknown}
 e - 3 scrolls of vulnerability {unknown}
 f - 3 scrolls of immolation
 g - 2 scrolls of enchant armour {unknown}
 h - 2 scrolls of silence {unknown}
 l - a scroll of magic mapping {unknown}
 m - 13 scrolls of identify {unknown}
 n - a scroll of fog {unknown}
 p - 2 scrolls of blinking {unknown}
 r - 3 scrolls of amnesia {unknown}
 x - a scroll of teleportation {unknown}
 y - a scroll of noise {unknown}
Potions
 b - 2 potions of attraction {unknown}
 j - a potion of resistance {unknown}
 k - a potion of degeneration {unknown}
 o - a potion of invisibility
 q - a potion of might
 t - 2 potions of curing {unknown}
 w - 4 potions of brilliance {unknown}
 z - a potion of ambrosia {unknown}


   Skills:
 * Level 5.1 Polearms
 - Level 2.1 Dodging
 - Level 1.7 Stealth
 + Level 2.4 Spellcasting
 - Level 11.0 Ice Magic


You had 4 spell levels left.
You knew the following spells:

 Your Spells              Type           Power      Damage    Failure   Level
a - Freeze                Ice            100%       1d11      1%          1
b - Frozen Ramparts       Ice            84%        1d10      1%          3
c - Ozocubu's Armour      Ice            42%        N/A       1%          3

Your spell library contained the following spells:

 Spells                   Type           Power      Damage    Failure   Level
 Sandblast                Erth           4%         2d4       17%         1
 Summon Small Mammal      Summ           8%         N/A       17%         1
 Hailstorm                Conj/Ice       22%        3d7       19%         4
 Passwall                 Tmut/Erth      1%         N/A       26%         2
 Call Canine Familiar     Summ           2%         N/A       45%         3
 Gell's Gravitas          Tloc           2%         N/A       45%         3
 Ignite Poison            Fire/Tmut/Pois 2%         N/A       45%         3
 Mephitic Cloud           Conj/Pois/Air  2%         N/A       45%         3
 Stone Arrow              Conj/Erth      4%         3d7       45%         3
 Summon Guardian Golem    Hex/Summ       2%         N/A       45%         3
 Teleport Other           Tloc           2%         N/A       45%         3
 Freezing Cloud           Conj/Ice/Air   7%         6-21      71%         5
 Dispersal                Tloc           1%         N/A       100%        6
 Malign Gateway           Summ/Tloc      1%         N/A       100%        7
 Summon Horrible Things   Summ           1%         N/A       100%        8


Dungeon Overview and Level Annotations

Branches:
Dungeon (6/15)             Temple (1/1) D:6

Altars:
Cheibriados
Dithmenos
Fedhas
Gozag
Hepliaklqana
Makhleb
Nemelex Xobeh
Qazlal
Ru
Sif Muna
Trog
Uskayaw
Vehumet
Wu Jian
Yredelemnul
Zin
The Shining One

Shops:
D:4 :

Annotations:
D:3 1 runed translucent door, Ajdolov's ghost, amateur DgAE
D:6 exclusion: wraith


Innate Abilities, Weirdness & Mutations

You are amphibious.
You cover ground slowly.
You can hop short distances.
You have an extended range of vision and can be seen from far away.


Message History

Hop to where?
Press: ? - help, Dir - move target Your icy armour will break if you move.
Continue?
Your icy armour cracks and falls away as you move.
Boing!
The wyvern zombie bites you.
* * * LOW HITPOINT WARNING * * *
Casting: Ozocubu's Armour (safe; 1% risk of failure)
Confirm with . or Enter, or press ? or * to list all spells.
Casting: Frozen Ramparts (safe; 1% risk of failure)
Press: ? - help, Dir - look around, f - activate The walls around you are covered in ice.
The wyvern zombie completely resists.
The wall freezes the wyvern zombie but does no damage.
The wyvern zombie bites you but does no damage.
Unknown command.
Casting: Frozen Ramparts (safe; 1% risk of failure)
Confirm with . or Enter, or press ? or * to list all spells.
A film of ice covers your body!
The wyvern zombie completely resists.
The wall freezes the wyvern zombie but does no damage.
The wyvern zombie closely misses you.
Unknown command.
Okay, then.
You hit the wyvern zombie.
The wyvern zombie is severely damaged.
The wyvern zombie resists.
The wall freezes the wyvern zombie.
The wyvern zombie closely misses you.
The wyvern zombie completely resists.
The wall freezes the wyvern zombie but does no damage.
The wyvern zombie bites you!
* * * LOW HITPOINT WARNING * * *
You fade into invisibility!
The wyvern zombie completely resists.
The wall freezes the wyvern zombie but does no damage.
The wyvern zombie barely misses you.
You hit the wyvern zombie.
The wyvern zombie is severely damaged.
The wyvern zombie completely resists.
The wall freezes the wyvern zombie but does no damage.
The wyvern zombie bites you!
You die...

##....##..♣.♣ ...♣♣..
.#........♣♣.♣♣♣...♣
..# ..#...♣♣.♣.♣.♣ ..#.
..........♣.♣♣ ....
.........♣...#
....W...........####..#
.....................#
.......>.......Z######
...)............@###
....#.......>......#
...#....$..........##
#..##.###.....#.....#
....#..#......#..).##
#.....##.........###
......#.........##
.................#####
.####................#


You could see a wyvern zombie (can't see you).

Vanquished Creatures
  2 ogres
  A centaur (D:5)
  A bullfrog (D:6)
  A necrophage (D:5)
  A kobold brigand (D:6)
  A water moccasin zombie (D:6)
  A howler monkey (D:5)
  A centaur zombie (D:6)
  3 hounds
  2 orc priests
  4 jellies
  3 iguanas (D:6)
  3 orc wizards
  Ijyb (D:4)
  Natasha (D:2)
  A howler monkey zombie (D:6)
  7 adders
  A shadow imp (D:6)
  3 ufetubi
  3 worms
  A dart slug (D:2)
  12 orcs
  7 ball pythons
  2 endoplasms (D:1)
  5 giant cockroaches
  14 goblins
  8 hobgoblins
  4 jackals (D:4)
  5 kobolds
  2 quokkas
  9 bats
  3 frilled lizards
  9 rats
122 creatures vanquished.

Notes
Turn   | Place    | Note
-------+----------+-------------------------------------------
     0 | D:1      | Ajdolov the Barachi Ice Elementalist began the quest for
                  | the Orb.
     0 | D:1      | Reached XP level 1. HP: 13/13 MP: 3/3
    51 | D:1      | Reached skill level 5 in Ice Magic
   262 | D:1      | Reached XP level 2. HP: 18/19 MP: 3/5
   438 | D:1      | Found a faded altar of an unknown god.
   962 | D:1      | Reached XP level 3. HP: 24/24 MP: 4/6
  1082 | D:2      | Reached skill level 6 in Ice Magic
  1232 | D:2      | Learned a level 3 spell: Frozen Ramparts
  1508 | D:2      | Noticed Natasha
  1516 | D:2      | Killed Natasha
  1517 | D:2      | Reached XP level 4. HP: 12/30 MP: 0/7
  2209 | D:3      | Reached skill level 7 in Ice Magic
  2428 | D:3      | Identified the +9 hunting sling of Dismay {freeze, Drain
                  | rPois Will+++}
  2522 | D:3      | Reached XP level 5. HP: 8/35 MP: 1/8
  2766 | D:3      | Found a runed translucent door.
  2767 | D:3      | Noticed Ajdolov's ghost (amateur DgAE)
  2826 | D:3      | Reached skill level 1 in Polearms
  3117 | D:3      | Learned a level 3 spell: Ozocubu's Armour
  3287 | D:4      | Found a stormy altar of Qazlal.
  3394 | D:4      | Found Cibaw's Book Shop.
  4531 | D:4      | Noticed Ijyb
  4551 | D:4      | Killed Ijyb
  4552 | D:4      | Reached skill level 8 in Ice Magic
  4683 | D:5      | Entered Level 5 of the Dungeon
  4692 | D:5      | Reached XP level 6. HP: 41/41 MP: 5/9
  5220 | D:5      | Reached skill level 9 in Ice Magic
  5220 | D:5      | Reached XP level 7. HP: 15/46 MP: 6/10
  6286 | D:6      | Noticed a wraith
  6319 | D:6      | Found a staircase to the Ecumenical Temple.
  6334 | D:6      | Reached skill level 10 in Ice Magic
  6435 | Temple   | Entered the Ecumenical Temple
  6611 | D:6      | Reached XP level 8. HP: 47/52 MP: 4/11
  6863 | D:6      | Found a snail-covered altar of Cheibriados.
  6878 | D:6      | Became a worshipper of Cheibriados the Contemplative
  7113 | D:6      | Reached skill level 11 in Ice Magic
  7325 | D:6      | Reached skill level 5 in Polearms
  7472 | D:6      | Found a basalt altar of Yredelemnul.
  7485 | D:6      | HP: 1/52 [wyvern zombie (10)]
  7487 | D:6      | Mangled by a wyvern zombie

Illustrated notes

Levels and vault maps discovered:
D:1:      dpeg_arrival_shrine, layout_basic, hellmonk_ecumenical_altar_blasted
D:2:      layout_basic, minmay_pentomino_o4, uniq_natasha
D:3:      layout_loops_cross, ebering_ghost_sewer_d, serial_aquarium,
          aquarium_bridge_square [aquarium_subvault_bridge,
          aquarium_subvault_bridge, aquarium_subvault_wall,
          aquarium_subvault_bridge], aquarium_window_1, aquarium_window_3,
          aquarium_window_corner, aquarium_window_fake, aquarium_view_2f,
          aquarium_view_2f, aquarium_balcony_3a, aquarium_pool_2,
          kennysheep_generic_room_13
D:4:      kennysheep_the_goblin_king, layout_basic,
          nicolae_overflow_crystal_walls, serial_shops, shop,
          minmay_misc_feat_enclosed, st_stairs_12, eino_tiny_chamber
D:5:      layout_cave_pools, portal_sewer_entry_a, grunt_ministairs_3
D:6:      minmay_klotski, layout_cave_pools, slow_altar_2,
          okawaru_altar_gauntlet_db, nicolae_yredelemnul_corpse_copse,
          minmay_temple_entry_offerings, ebering_ghost_disaster_area,
          minmay_quadrilaterals
Temple:   eino_temple_lava

Skill      XL: |  1  2  3  4  5  6  7  8 |
---------------+-------------------------+-----
Ice Magic      | 5 6 7 8 9 10 11 | 11.0
Polearms       | 2 3 4 5 |  5.1
Dodging        | |  2.1
Stealth        | |  1.7
Spellcasting   | |  2.4

Action                   |  1- 3 |  4- 6 |  7- 9 || total
-------------------------+-------+-------+-------++-------
Melee: Unarmed           |     8 |       |       ||     8
       Quarterstaff      |       |    89 |    92 ||   181
 Cast: Freeze            |    54 |    22 |       ||    76
       Frozen Ramparts   |       |    17 |    21 ||    38
       Ozocubu's Armour  |       |     1 |    10 ||    11
 Abil: Hop               |       |     1 |     1 ||     2
  Use: Potion            |       |     5 |     1 ||     6
 Stab: Sleeping          |       |     2 |       ||     2
Armor: Robe              |    15 |    40 |    43 ||    98
Dodge: Dodged            |    44 |    85 |    77 ||   206

Table legend: (Time is in decaauts)
 A = Elapsed time spent in this place.
 B = Non-inter-level travel time spent in this place.
 C = Inter-level travel time spent in this place.
 D = Time resting spent in this place.
 E = Time spent auto-exploring this place.
 F = Levels seen in this place.
 G = Mean time per level.
                   A        B        C        D        E       F      G
               +--------+--------+--------+--------+--------+-----+--------+
         Total |   8300 |   8044 |    256 |   1500 |   5358 |   7 | 1185.7 |
       Dungeon |   8236 |   7990 |    246 |   1500 |   5306 |   6 | 1372.7 |
        Temple |     64 |     54 |     10 |      0 |     51 |   1 |   64.0 |
               +--------+--------+--------+--------+--------+-----+--------+

Top non-repeatable levels by time:
     D:4: 1887 daAuts
     D:6: 1429 daAuts
     D:3: 1273 daAuts
     D:5: 1232 daAuts
     D:2: 1222 daAuts
     D:1: 1191 daAuts
  Temple: 64 daAuts
